Map: El Dorado

Players

Icygoose

  • Race: Protoss Protoss
  • League: Diamond
  • Spawn Location: 7:00

wootwoot - Winner!

  • Race: Zerg Zerg
  • League: Diamond
  • Spawn Location: 5:00

VOD

Have the link to the VOD?

Description

Time

  • Played on: April 22, 2025, 5:16 a.m.
  • Length: 2:10
Show
View Real Time Build Order
Export as new Build Order

Icygoose Protoss 

Build Orders:  

Get SALT Encoding   

  1  0:00  Probe  
  12  0:04  Probe  
  14  0:17  Pylon  
  14  0:22  Probe  
  15  0:35  Gateway  
  15  0:39  Probe  
  16  0:55  Gateway  
  16  0:57  Probe  
  17  1:05  Probe  
  18  1:13  Probe  
  18  1:14  Assimilator  
  19  1:23  Cybernetics Core  
  19  1:26  Zealot  
  19  1:30  Probe  
  22  1:39  Assimilator  
  22  1:47  Pylon  
Show
View Real Time Build Order
Export as new Build Order

wootwoot Zerg - Winner!

Build Orders: Pool Only 

Get SALT Encoding   

  12  0:18  Spawning Pool  
  11  0:23  Drone  
  11  0:27  Drone  
  13  0:31  Drone  
  14  0:40  Overlord  
  14  1:05  Zergling x4  
  14  1:06  Zergling x2  
  17  1:17  Zergling x2  
  18  1:29  Zergling x2  
  19  1:39  Zergling x2  
Tags
 
Matchup
PvZ
Opening
Pool Only
Replay Pack
#1B2M-Replays
Spawn Locations
Close Positions
Add a new tag
Caveats
  • Supply blocks, unpowered buildings, or Contaminate may cause inaccurate times.
  • Supply counts are checked every 10 seconds.